 Dungeon Crawl Stone Soup version 0.22.1-1-ga44c0e56f4 (webtiles) character file.

773 Kaderl the Poker (level 8, -2/61 HPs)
             Began as a Human Fighter on Sept 25, 2018.
             Slain by an ice beast (14 damage)
             ... on level 5 of the Dungeon.
             The game lasted 00:19:13 (3713 turns).

Kaderl the Poker (Human Fighter)                    Turns: 3713, Time: 00:19:14

Health: -2/61      AC: 12    Str: 19    XL:     8   Next: 9%
Magic:  8/8        EV:  8    Int:  9    God:
Gold:   176        SH:  0    Dex: 12    Spells: 7/7 levels left

rFire    . . .     SeeInvis .   b - -1 halberd (curse)
rCold    . . .     Gourm    .   (shield currently unavailable)
rNeg     . . .     Faith    .   d - +1 chain mail
rPois    +         Spirit   .   (no helmet)
rElec    .         Reflect  .   l - +0 cloak
rCorr    .         Harm     .   (no gloves)
MR       .....                  (no boots)
Stlth    ..........             (no amulet)
HPRegen  0.20/turn              c - ring of poison resistance
MPRegen  0.11/turn              (no ring)

@: no status effects
A: no striking features
a: no special abilities


You were on level 5 of the Dungeon.
You were not hungry.

You visited 1 branch of the dungeon, and saw 5 of its levels.
You also visited: Sewer.

You collected 176 gold pieces.

Inventory:

Hand Weapons
 a - a +1 trident
 b - a cursed -1 halberd (weapon)
 r - a +0 spear
Armour
 d - a +1 chain mail (worn)
 l - a +0 cloak (worn)
Jewellery
 c - a ring of poison resistance (left hand)
 h - a +1 ring of protection {unknown}
Scrolls
 k - a scroll of amnesia
 n - 2 scrolls of teleportation
 o - 2 scrolls of fear
 p - 3 scrolls of enchant weapon
Potions
 e - 2 potions of ambrosia {unknown}
 g - 5 potions of curing {unknown}
 i - a potion of cancellation {unknown}
 j - 3 potions of flight {unknown}
 m - a potion of heal wounds {unknown}
Comestibles
 f - 3 rations


   Skills:
 + Level 4.6 Fighting
 + Level 5.8 Polearms
 + Level 5.1 Armour
 + Level 2.5 Dodging
 + Level 0.8 Stealth
   Level 3.0 Shields


You had 7 spell levels left.
You didn't know any spells.
Your spell library was empty.

Dungeon Overview and Level Annotations

Branches:
Dungeon (5/15)             Temple (0/1) D:4

Altars:
Dithmenos
Fedhas
Gozag
Kikubaaqudgha
Nemelex Xobeh
Yredelemnul


Message History

Aim: an ice beast (heavily wounded)
You closely miss the ice beast.
The ice beast is heavily wounded.
The ice beast hits you but does no damage.
The ice beast barely misses you.
Attack whom?
Press: ? - help, Dir - move target cursor, f/p - ice beast
Aim: an ice beast (heavily wounded)
You puncture the ice beast!
The ice beast is almost dead.
The ice beast hits you but does no damage.
Attack whom?
Press: ? - help, Dir - move target cursor, f/p - ice beast
Aim: an ice beast (almost dead)
You barely miss the ice beast.
The ice beast is almost dead.
The ice beast hits you.
* * * LOW HITPOINT WARNING * * *
The ice beast freezes you!
You die...

#.# #.# #
#.# #. #.#
#. #.#
#####.##.#
.........#
.........#
......Y@.#
.........#
.........#
........##
........#
........#
........#
#.#.#####


You could see an ice beast.

Vanquished Creatures
  Grinder (D:3)
  An ice beast (D:5)
  A big kobold (Sewer)
  A hound (D:5)
  A gnoll shaman (D:3)
  An iguana (D:4)
  4 worker ants
  A worker ant zombie (D:3)
  4 gnolls (D:4)
  8 adders
  A river rat (Sewer)
  5 worms
  2 dart slugs
  6 leopard geckos
  6 orcs
  11 bats
  A giant cockroach (D:4)
  8 goblins
  7 hobgoblins
  13 jackals
  A ball python (D:1)
  3 frilled lizards
  3 kobolds
  A quokka skeleton (D:4)
  9 rats
100 creatures vanquished.

Notes
Turn   | Place    | Note
-------+----------+-------------------------------------------
     0 | D:1      | Kaderl the Human Fighter began the quest for the Orb.
     0 | D:1      | Reached XP level 1. HP: 18/18 MP: 1/1
    94 | D:1      | Reached XP level 2. HP: 22/24 MP: 2/2
   412 | D:1      | Reached XP level 3. HP: 22/29 MP: 3/3
   765 | D:2      | Reached XP level 4. HP: 22/36 MP: 4/4
  1085 | D:2      | Reached XP level 5. HP: 15/42 MP: 5/5
  1294 | D:2      | Found a blossoming altar of Fedhas.
  1294 | D:2      | Found an ancient bone altar of Kikubaaqudgha.
  1302 | D:2      | Found an opulent altar of Gozag.
  1304 | D:2      | Found a shadowy altar of Dithmenos.
  1306 | D:2      | Found a basalt altar of Yredelemnul.
  1421 | D:3      | Noticed Grinder
  1711 | D:3      | Paralysed by Grinder for 6 turns
  1984 | D:3      | Paralysed by Grinder for 6 turns
  1993 | D:3      | Paralysed by Grinder for 2 turns
  1995 | D:3      | Killed Grinder
  1995 | D:3      | Reached skill level 1 in Dodging
  1995 | D:3      | Reached XP level 6. HP: 37/48 MP: 6/6
  2228 | D:4      | Found a glowing drain.
  2247 | Sewer    | Entered a sewer
  2254 | Sewer    | Reached XP level 7. HP: 32/54 MP: 7/7
  2567 | Sewer    | Found a white marble altar of Elyvilon.
  2693 | D:4      | Found a staircase to the Ecumenical Temple.
  2797 | D:4      | Reached skill level 5 in Polearms
  3005 | D:4      | Found a sparkling altar of Nemelex Xobeh.
  3311 | D:4      | Reached skill level 5 in Armour
  3454 | D:5      | Entered Level 5 of the Dungeon
  3647 | D:5      | Reached XP level 8. HP: 45/61 MP: 8/8
  3713 | D:5      | Slain by an ice beast

Skill      XL: |  1  2  3  4  5  6  7 |
---------------+----------------------+-----
Polearms       | 3 4 5 |  5.8
Fighting       | 4 |  4.6
Armour         | 4 5 |  5.1
Dodging        | 1 2 |  2.5
Stealth        | |  0.8
Shields        | |  3.0

Action                   |  1- 3 |  4- 6 |  7- 9 || total
-------------------------+-------+-------+-------++-------
Melee: Trident           |    69 |   220 |   121 ||   410
       Halberd           |       |       |    74 ||    74
  Use: Scroll            |     3 |     4 |     6 ||    13
       Potion            |       |     1 |       ||     1
  Eat: Ration            |       |     2 |     1 ||     3
Armor: Scale mail        |    34 |    97 |    60 ||   191
       Chain mail        |       |       |    43 ||    43
Dodge: Dodged            |    36 |   107 |   102 ||   245
